 Dungeon Crawl Stone Soup version 0.31-a0-870-g10ed682358 (webtiles) character file.

Game seed: 5972932974051852183

25296 BinkBink the Severer (level 12, -1/101 HPs)
             Began as a Minotaur Monk on Oct 12, 2023.
             Was a High Priest of the Shining One.
             Constricted to death by Jorgrun (6 damage)
             ... on level 1 of the Orcish Mines.
             The game lasted 00:26:58 (15532 turns).

BinkBink the Severer (Minotaur Monk)               Turns: 15532, Time: 00:26:59

Health: -1/101     AC: 12    Str: 19    XL:     12   Next: 88%
Magic:  11/11      EV: 10    Int:  7    God:    the Shining One [*****.]
Gold:   1104       SH:  9    Dex: 15    Spells: 11/11 levels left

rFire   . . .        J - +3 battleaxe (freeze)
rCold   + . .        (shield currently unavailable)
rNeg    + + .        u - +2 ring mail {rC+}
rPois   +            (helmet restricted)
rElec   .            (no cloak)
rCorr   .            B - +0 pair of gloves
SInv    .            C - +0 pair of boots
Will    .....        e - amulet of reflection
Stlth   +            n - ring of poison resistance
HPRegen 0.36/turn    a - +5 ring of evasion
MPRegen 0.12/turn

%: reflection
@: petrifying (expiring), grasped by roots, glowing, constricted, very slow
A: horns 2, retaliatory headbutt, large bone plates 1, frail 1, inability to
read after injury 1
a: Renounce Religion, Divine Shield, Cleansing Flame, Summon Divine Warrior


You were on level 1 of the Orcish Mines.
You worshipped the Shining One.
The Shining One was extremely pleased with you.
You visited 2 branches of the dungeon, and saw 14 of its levels.

You collected 2047 gold pieces.
You spent 943 gold pieces at shops.

Inventory:

Hand Weapons
 s - a +3 hand axe of venom
 J - a +3 battleaxe of freezing (weapon)
Missiles
 K - 2 throwing nets
Armour
 d - an orb of light
 r - a +0 plate armour
 u - a +2 ring mail of cold resistance (worn)
 B - a +0 pair of gloves (worn)
 C - a +0 pair of boots (worn)
 Q - a +2 kite shield
Jewellery
 a - a +5 ring of evasion (right hand)
 e - an amulet of reflection (around neck)
 h - an amulet of the acrobat
 k - a ring of magical power
 n - a ring of poison resistance (left hand)
 w - a ring of protection from fire
 D - a ring of fire
 I - a ring of ice
 M - a ring of resist corrosion
 P - the ring of Derchoum {rN+ Str+6 Dex+3}
   (You found it on level 13 of the Dungeon)

   [ring of positive energy]

   Str+6:     It affects your strength (+6).
   Dex+3:     It affects your dexterity (+3).
   rN+:       It protects you from negative energy.
Wands
 q - a wand of flame (16)
 z - a wand of iceblast (2)
 E - a wand of polymorph (3)
 L - a wand of mindburst (8)
Scrolls
 b - 4 scrolls of immolation
 l - 2 scrolls of butterflies
 t - 7 scrolls of teleportation
 x - a scroll of amnesia
 A - 9 scrolls of identify
 F - 2 scrolls of torment
 G - 2 scrolls of noise
 H - 2 scrolls of enchant armour
Potions
 c - 3 potions of ambrosia
 f - 4 potions of haste
 g - 2 potions of resistance
 i - 3 potions of heal wounds
 j - 2 potions of degeneration
 m - 6 potions of brilliance
 o - 3 potions of enlightenment
 p - 5 potions of curing
 v - 6 potions of might
 O - a potion of lignification {unknown}


   Skills:
 + Level 12.3 Fighting
 * Level 16.7 Axes
 + Level 11.7 Armour
 + Level 11.4 Dodging


You had 11 spell levels left.
You didn't know any spells.
Your spell library contained the following spells:

 Spells                   Type           Power      Damage    Failure   Level
 Apportation              Tloc           0%         N/A       56%         1
 Foxfire                  Conj/Fire      0%         2x1d4     56%         1
 Shock                    Conj/Air       0%         1d3       56%         1
 Blink                    Tloc           0%         N/A       71%         2
 Jinxbite                 Hex            0%         N/A       71%         2
 Lesser Beckoning         Tloc           0%         N/A       71%         2
 Momentum Strike          Conj/Tloc      0%         3d8       71%         2
 Wereblood                Tmut           0%         N/A       71%         2
 Ozocubu's Armour         Ice            0%         N/A       91%         3
 Swiftness                Air            0%         N/A       91%         3
 Airstrike                Air            0%         2d(0-16)  100%        4
 Alistair's Intoxication  Tmut/Pois      0%         N/A       100%        5
 Irradiate                Conj/Tmut      0%         3d11      100%        5
 Metabolic Englaciation   Hex/Ice        0%         N/A       100%        5
 Plasma Beam              Fire/Air       0%         2x1d10    100%        6
 Simulacrum               Ice/Necr       0%         N/A       100%        6
 Starburst                Conj/Fire      0%         6d3       100%        6


Dungeon Overview and Level Annotations

Branches:
Dungeon (13/15)            Temple (0/1) D:7            Lair (0/5) D:9
    Orc (1/2) D:10         Vaults (0/5) D:13

Altars:
Cheibriados
Dithmenos
Fedhas
Gozag
Okawaru
Sif Muna
Uskayaw
Vehumet
Wu Jian
The Shining One

Shops:
D:1 !?:([   D:3 (([   D:8 *(   D:10 [

Portals:
Trove: D:11 (give 14 potions of curing)

Annotations:
D:4 1 runed translucent door, Crazy Yiuf
D:11 exclusion: statue
Orc:1 Jorgrun


Innate Abilities, Weirdness & Mutations

You have a pair of horns on your head.
You reflexively headbutt those who attack you in melee.
You are partially covered in large bone plates. (SH +4)
You are frail. (-10% HP)
You occasionally lose the ability to read scrolls when taking damage.


Message History

The orc warrior hits you with a +3 long sword.
The orc warrior hits you but does no damage.
The orc hits you with a +2 mace of protection.
The orc hits you with a +0 hand axe. Jorgrun hits you with a staff of earth!
* * * LOW HITPOINT WARNING * * *
The grasping roots constrict you!
* * * LOW HITPOINT WARNING * * *
The orc warrior hits you with a +3 long sword.
* * * LOW HITPOINT WARNING * * *
You turn to flesh and can move again.
As you read the scroll of fear, it crumbles to dust.
You assume a fearsome visage.
Jorgrun resists with almost no effort.
The orc warrior looks frightened!
The orc looks frightened!
The ogre looks frightened!
The orc warrior looks frightened!
The orc looks frightened! x2; The troll looks frightened!
Jorgrun misses you. You furiously retaliate!
You headbutt Jorgrun. The grasping roots constrict you!
* * * LOW HITPOINT WARNING * * *
The orc warrior gives up.
The grasping roots release their grip on you.
You feel much better. Jorgrun gestures at you while chanting.
You are slowing down.
You barely miss Jorgrun. You headbutt Jorgrun!
Jorgrun is moderately wounded.
You slash the orc! You freeze the orc.
You kill the orc!
Jorgrun points at you and mumbles some strange words.
The iron shot hits you!!
* * * LOW HITPOINT WARNING * * *
Your limbs are stiffening.
You slice Jorgrun!! You freeze Jorgrun.
Jorgrun is severely wounded.
The orc warrior looks desperately for an escape route.
Cornered, the orc turns to fight!
Jorgrun gestures at you while chanting.
Roots burst forth from the earth!
The grasping roots grab you! The grasping roots constrict you!
You die...

.....## ......$
...T... .......
#......
...oo...
.......
........
.....#...#o....
#.............
#.)).........
##.g@##..#....
#o.)#.........
##.#......$...
###..<>......
#.$...o.O...
.............#.
##.#.........#
....##......##
..o.. #........


You could see Jorgrun, a troll (fleeing), 2 orc warriors, an ogre (fleeing) and
3 orcs.

Vanquished Creatures
  Frances (D:12)
  Harold (D:9)
  2 vault guards
  A centaur warrior (D:12)
  A two-headed ogre (D:9)
  Nergalle (D:12)
  4 skeletal warriors (D:13)
  A deep elf pyromancer (D:12)
  4 cyclopes
  A manticore (D:12)
  2 gargoyles
  A freezing wraith (D:11)
  4 kobold demonologists (D:10)
  A komodo dragon (D:9)
  5 trolls
  3 hornets
  8 slime creatures (D:12)
  A shadow (D:10)
  26 yaks
  A vampire (D:13)
  2 wyverns
  A wraith (D:10)
  7 humans (D:13)
  A steam dragon (D:8)
  2 vampire mosquitoes (D:12)
  Edmund (D:5)
  3 acid dragons
  4 water moccasins
  A black bear (D:9)
  4 orc warriors
  A sky beast (D:6)
  4 ogres
  7 centaurs
  3 phantoms
  4 kobold brigands
  5 bullfrogs
  Blork the orc (D:6)
  2 gnoll sergeants
  5 scorpions
  4 wights (D:9)
  2 troll zombies (D:10)
  5 killer bees (D:8)
  3 electric eels (D:13)
  3 howler monkeys (D:13)
  5 orc priests
  A gnoll bouda (D:5)
  A hound (D:6)
  A jelly (D:5)
  3 iguanas
  A sleepcap (D:6)
  11 orc wizards
  4 ogre zombies (D:10)
  Robin (D:2)
  11 gnolls
  9 adders
  4 shadow imps
  2 white imps
  2 worms
  5 dart slugs
  35 orcs
  7 bats
  3 endoplasms (D:3)
  2 giant cockroaches
  8 goblins
  7 hobgoblins
  9 jackals
  18 kobolds
  3 quokkas
  4 ball pythons
  4 frilled lizards
  2 goblin skeletons (D:10)
  2 hobgoblin skeletons (D:10)
  2 orc skeletons (D:10)
  13 orc zombies (D:10)
  5 rats
329 creatures vanquished.

Vanquished Creatures (others)
  A vault guard (D:13)
  A human (D:13)
  2 orcs
4 creatures vanquished.

Grand Total: 333 creatures vanquished

Notes
Turn   | Place    | Note
-------+----------+-------------------------------------------
     0 | D:1      | BinkBink the Minotaur Monk began the quest for the Orb.
     0 | D:1      | Reached XP level 1. HP: 19/19 MP: 0/0
    31 | D:1      | Found Tuki's Antique Weapon Shoppe.
    55 | D:1      | Found Sucufoa's Antique Armour Boutique.
   148 | D:1      | Found Afot's Magic Scroll Emporium.
   214 | D:1      | Reached skill level 4 in Axes
   214 | D:1      | Reached XP level 2. HP: 27/27 MP: 1/1
   360 | D:1      | Found Exiuth's Distillery.
   549 | D:1      | Found Ylipt's Book Emporium.
   705 | D:2      | Noticed Robin
   708 | D:2      | Reached XP level 3. HP: 28/33 MP: 2/2
   709 | D:2      | Reached skill level 1 in Armour
   846 | D:2      | Killed Robin
  1293 | D:2      | Found a hide-covered altar of Uskayaw.
  1546 | D:2      | Reached XP level 4. HP: 40/40 MP: 3/3
  1726 | D:3      | Found Folio's Antique Weapon Emporium.
  1917 | D:3      | Reached skill level 5 in Axes
  1932 | D:3      | Reached XP level 5. HP: 37/47 MP: 4/4
  2259 | D:3      | Found an ornate altar of the Wu Jian Council.
  2311 | D:3      | Found Vyatara's Antique Weapon Emporium.
  2404 | D:3      | Found Oggil's Armour Shoppe.
  2455 | D:3      | Found a glowing golden altar of the Shining One.
  2491 | D:3      | Became a worshipper of the Shining One
  2491 | D:3      | Reached * piety under the Shining One
  2491 | D:3      | Reached ** piety under the Shining One
  2867 | D:4      | Identified a scroll of acquirement
  2867 | D:4      | Acquired 1197 gold pieces
  2972 | D:1      | Bought a scroll of enchant weapon for 90 gold pieces
  3007 | D:1      | Bought a potion of heal wounds for 50 gold pieces
  3007 | D:1      | Bought a potion of curing for 30 gold pieces
  3007 | D:1      | Bought a potion of degeneration for 10 gold pieces
  3007 | D:1      | Bought a potion of heal wounds for 50 gold pieces
  3007 | D:1      | Bought a potion of heal wounds for 50 gold pieces
  3014 | D:1      | Bought a scroll of butterflies for 48 gold pieces
  3912 | D:4      | Found a runed translucent door.
  3913 | D:4      | Noticed Crazy Yiuf
  4012 | D:4      | Found an opulent altar of Gozag.
  4012 | D:4      | Found an iron altar of Okawaru.
  4248 | D:5      | Entered Level 5 of the Dungeon
  4261 | D:5      | Reached XP level 6. HP: 55/55 MP: 5/5
  4296 | D:5      | Reached skill level 6 in Axes
  4304 | D:5      | Reached skill level 5 in Fighting
  4310 | D:5      | Noticed Edmund
  4757 | D:5      | Reached skill level 5 in Dodging
  4757 | D:5      | Reached XP level 7. HP: 50/61 MP: 6/6
  4811 | D:5      | Found a shimmering blue altar of Sif Muna.
  4811 | D:5      | Found a blossoming altar of Fedhas.
  4884 | D:5      | Killed Edmund
  4885 | D:5      | Reached skill level 7 in Axes
  5314 | D:6      | Identified the +4 long sword "Ruzom" {holy, rElec rC+ rCorr
                  | Str+2}
  5430 | D:6      | Reached skill level 8 in Axes
  5430 | D:6      | Reached XP level 8. HP: 70/70 MP: 7/7
  5959 | D:6      | Noticed Blork the orc
  5973 | D:6      | Reached skill level 5 in Armour
  5978 | D:6      | Killed Blork the orc
  7351 | D:7      | Reached *** piety under the Shining One
  7443 | D:7      | Reached skill level 9 in Axes
  7606 | D:7      | Found a staircase to the Ecumenical Temple.
  7799 | D:7      | Noticed a hornet
  7803 | D:7      | Killed a hornet
  7804 | D:7      | Reached XP level 9. HP: 79/79 MP: 8/8
  7959 | D:8      | Found a shadowy altar of Dithmenos.
  7979 | D:7      | Reached skill level 10 in Axes
  8674 | D:8      | Found Liqicu's Weapon Boutique.
  8899 | D:8      | Bought a +2 battleaxe of draining for 284 gold pieces
  8937 | D:8      | Identified the +0 leather armour of Ulebbiw {rF- Will+
                  | rCorr Int+8}
  9049 | D:8      | Found Kocsoxt's Mayhem Merchandise.
  9056 | D:8      | Bought a +2 battleaxe of freezing for 331 gold pieces
  9489 | D:9      | Noticed Harold
  9489 | D:9      | Noticed a komodo dragon
  9599 | D:9      | Reached skill level 11 in Axes
  9725 | D:9      | Reached XP level 10. HP: 90/90 MP: 9/9
  9858 | D:9      | Killed Harold
  9863 | D:9      | Reached skill level 12 in Axes
  9970 | D:9      | Found a staircase to the Lair.
 10209 | D:9      | Noticed a two-headed ogre
 10215 | D:9      | Killed a two-headed ogre
 10216 | D:9      | Reached skill level 13 in Axes
 10227 | D:9      | Reached XP level 11. HP: 85/99 MP: 10/10
 10577 | D:9      | Paralysed by a hornet for 2 turns
 10630 | D:9      | Gained mutation: Your spells are a little harder to cast,
                  | but a little more powerful. [potion of mutation]
 10645 | D:10     | Entered Level 10 of the Dungeon
 10673 | D:10     | Found a snail-covered altar of Cheibriados.
 10712 | D:10     | Reached **** piety under the Shining One
 10827 | D:10     | Found a staircase to the Orcish Mines.
 10835 | D:10     | Reached skill level 10 in Fighting
 10851 | D:10     | Reached ***** piety under the Shining One
 10934 | D:10     | Found Wogeq's Armour Emporium.
 11203 | D:10     | Noticed a sixfirhy
 11293 | D:10     | Noticed a sixfirhy
 11295 | D:10     | Gained mutation: You are occasionally teleported next to
                  | monsters. [a neqoxec]
 11302 | D:10     | Gained mutation: You occasionally lose the ability to read
                  | scrolls when taking damage. [a neqoxec]
 11311 | D:10     | Reached skill level 14 in Axes
 11829 | D:11     | Reached skill level 10 in Armour
 11835 | D:11     | Reached skill level 10 in Dodging
 11979 | D:11     | Found a portal to a secret trove of treasure.
 12149 | D:11     | Found a radiant altar of Vehumet.
 12553 | D:12     | Noticed a deep elf pyromancer
 12560 | D:12     | Killed a deep elf pyromancer
 12585 | D:12     | Identified the +0 chain mail of Bananer {+Blink rF+ Regen+
                  | Dex-3}
 12627 | D:12     | Reached skill level 15 in Axes
 12649 | D:12     | Reached XP level 12. HP: 46/110 MP: 11/11
 12816 | D:11     | Lost mutation: Your spells are a little harder to cast, but
                  | a little more powerful. [potion of mutation]
 12816 | D:11     | Lost mutation: You are occasionally teleported next to
                  | monsters. [potion of mutation]
 12816 | D:11     | Lost mutation: You occasionally lose the ability to read
                  | scrolls when taking damage. [potion of mutation]
 12816 | D:11     | Gained mutation: You are frail. (-10% HP) [potion of
                  | mutation]
 12816 | D:11     | Gained mutation: You are partially covered in large bone
                  | plates. (SH +4) [potion of mutation]
 12816 | D:11     | Gained mutation: You occasionally lose the ability to read
                  | scrolls when taking damage. [potion of mutation]
 12871 | D:12     | Noticed a centaur warrior
 12874 | D:12     | Killed a centaur warrior
 13231 | D:12     | Noticed Frances
 13244 | D:12     | Killed Frances
 13614 | D:12     | Noticed Nergalle
 13622 | D:12     | Killed Nergalle
 14059 | D:13     | Reached skill level 16 in Axes
 14210 | D:13     | Killed a vault guard
 14294 | D:13     | Identified the ring of Derchoum {rN+ Str+6 Dex+3}
 14506 | D:13     | Noticed a vault guard
 14506 | D:13     | Noticed a vault guard
 14534 | D:12     | Killed a vault guard
 14702 | D:13     | Found a gate to the Vaults.
 14753 | D:13     | Killed a vault guard
 15513 | Orc:1    | Entered Level 1 of the Orcish Mines
 15515 | Orc:1    | Noticed Jorgrun
 15529 | Orc:1    | HP: 2/101 [constriction (17)]
 15532 | Orc:1    | Constricted to death by Jorgrun

Illustrated notes

Levels and vault maps discovered:
D:1:      sevenhm_arrival_forest_fort_small_6, layout_basic, serial_shops,
          shop_statue, nicolae_lakefront_shop, nicolae_square_shop,
          nicolae_shop_trees, shop, minmay_tetromino_l2
D:2:      layout_basic, basic_altar, nicolae_figureground_pulse, uniq_robin
D:3:      layout_basic, mainiacjoe_overflow_24_doors,
          nicolae_wu_jian_immortal_techniques, serial_shops,
          nicolae_shop_peninsula, nicolae_shop_real_fake_doors, shop
D:4:      layout_basic, gammafunk_temple_overflow_wave,
          minmay_fractal_squares_gapless_5, uniq_crazy_yiuf_cottage
D:5:      layout_gridville, gammafunk_temple_overflow_pools, uniq_edmund
D:6:      layout_layer_cave, chequers_serial_rivers_micro_b,
          minmay_misc_feat_pillars, uniq_blork_the_orc
D:7:      layout_basic, minmay_temple_entry_poolview, nicolae_zen_rock_garden,
          minmay_crystal_room, minmay_quadrilaterals
D:8:      layout_rooms, grunt_dithmenos_smoke, serial_shops,
          nicolae_shop_hallway_stairs, grunt_decor_fettered, minmay_shop_mayhem,
          lightli_orcish_oven
D:9:      layout_loops_cross, due_lair_maze_entry_diamond, uniq_harold
D:10:     layout_gridville, mainiacjoe_overflow_brackets, zombieorc1_lemuel,
          serial_shops, shop
D:11:     layout_rooms, trove_entry_hex_spiral, minmay_tree_intersection,
          vehumet_statue
D:12:     layout_basic, uniq_frances, uniq_nergalle
D:13:     layout_basic, ximxim_vaults_locker_room
Orc:1:    layout_caves, gammafunk_ghost_fury_of_okawaru, basic_altar,
          uniq_jorgrun, uniq_fannar, uniq_snorg

Skill      XL: |  1  2  3  4  5  6  7  8  9 10 11 12 |
---------------+-------------------------------------+-----
Axes           | 4 5 6 8 9 11 13 15 16 | 16.7
Fighting       | 4 5 6 7 8 9 11 12 | 12.3
Armour         | 1 2 3 4 6 7 9 10 11 | 11.7
Dodging        | 4 5 6 7 9 10 11 | 11.4

Action                     |  1- 3 |  4- 6 |  7- 9 | 10-12 || total
---------------------------+-------+-------+-------+-------++-------
  Melee: Hand axe          |    64 |   134 |   202 |       ||   400
         Headbutt          |    14 |    33 |    66 |   102 ||   215
         Battleaxe         |       |       |    40 |   398 ||   438
    Use: Scroll            |       |     9 |     6 |     2 ||    17
         Potion            |       |       |     1 |     5 ||     6
 Armour: Robe              |    34 |     3 |       |       ||    37
         Plate armour      |       |    78 |     9 |       ||    87
         Ring mail         |       |       |   103 |   194 ||   297
  Dodge: Dodged            |    33 |    41 |   136 |   250 ||   460
  Block: Orb               |       |    32 |    42 |       ||    74
         Reflection        |       |       |     2 |     5 ||     7
         Other             |       |       |     7 |   118 ||   125

Table legend: (Time is in decaauts)
 A = Elapsed time spent in this place.
 B = Non-inter-level travel time spent in this place.
 C = Inter-level travel time spent in this place.
 D = Time resting spent in this place.
 E = Time spent auto-exploring this place.
 F = Levels seen in this place.
 G = Mean time per level.
                   A        B        C        D        E       F      G
               +--------+--------+--------+--------+--------+-----+--------+
         Total |  15585 |  14286 |   1299 |   1500 |  10791 |  14 | 1113.2 |
       Dungeon |  15565 |  14267 |   1298 |   1500 |  10791 |  13 | 1197.3 |
  Orcish Mines |     19 |     19 |      0 |      0 |      0 |   1 |   19.0 |
               +--------+--------+--------+--------+--------+-----+--------+

Top non-repeatable levels by time:
     D:6: 1799 daAuts
     D:4: 1520 daAuts
    D:13: 1491 daAuts
    D:12: 1300 daAuts
     D:7: 1190 daAuts
     D:3: 1159 daAuts
    D:11: 1099 daAuts
     D:9: 1096 daAuts
     D:8: 1007 daAuts
    D:10: 1004 daAuts
     D:1: 998 daAuts
     D:2: 972 daAuts
     D:5: 924 daAuts
   Orc:1: 19 daAuts
